 Dungeon Crawl Stone Soup version 0.30-a0-586-g23e55c9e0a (webtiles) character file.

Game seed: 5858998189270144309

422 bande the Covered (level 6, 0/39 HPs)
             Began as a Gargoyle Fighter on Jan 4, 2023.
             Slain by Pikel
             ... wielding a +0 whip of electrocution
              (8 damage)
             ... on level 4 of the Dungeon.
             The game lasted 00:05:16 (3781 turns).

bande the Covered (Gargoyle Fighter)                Turns: 3781, Time: 00:05:17

Health: 0/39       AC: 17    Str: 19    XL:     6   Next: 95%
Magic:  6/6        EV:  7    Int:  9    God:
Gold:   176        SH:  4    Dex: 11    Spells: 5/5 levels left

rFire   . . .      SeeInvis .    a - +1 war axe
rCold   + . .      Faith    .    c - +0 buckler
rNeg    + . .      Spirit   .    g - +0 chain mail
rPois   ∞          Reflect  .    b - +0 helmet
rElec   +          Harm     .    r - +1 cloak
rCorr   .          Rampage  .    (no gloves)
Will    .....                    (no boots) Stlth
                                 (no amulet)
HPRegen 0.26/turn                n - ring of protection from cold
MPRegen 0.10/turn                (no ring)

@: no status effects
A: sickness immunity, AC +4, negative energy resistance 1, electricity
resistance, torment resistance 1, petrification resistance
a: no special abilities


You were on level 4 of the Dungeon.
You visited 1 branch of the dungeon, and saw 4 of its levels.

You collected 176 gold pieces.

Inventory:

Hand Weapons
 a - a +1 war axe (weapon)
 j - a +0 flail
Armour
 b - a +0 helmet (worn)
 c - a +0 buckler (worn)
 g - a +0 chain mail (worn)
 r - a +1 cloak (worn)
Jewellery
 n - a ring of protection from cold (left hand)
Scrolls
 f - a scroll of magic mapping
 h - a scroll of noise {unknown}
Potions
 d - a potion of might
 e - a potion of curing
 i - a potion of haste
 q - a potion of mutation


   Skills:
 + Level 4.3 Fighting
 + Level 4.8 Axes
 + Level 4.9 Armour
 + Level 4.0 Shields


You had 5 spell levels left.
You didn't know any spells.
Your spell library contained the following spells:

 Spells                   Type           Power      Damage    Failure   Level
 Shock                    Conj/Air       0%         1d3       99%         1
 Ensorcelled Hibernation  Hex/Ice        0%         N/A       100%        2
 Passwall                 Tmut/Erth      0%         N/A       100%        2
 Kindle Blastsparks       Fire/Tloc/Air  0%         2d10      100%        3
 Swiftness                Air            0%         N/A       100%        3
 Airstrike                Air            0%         2d(0-16)  100%        4
 Fulminant Prism          Conj/Hex       0%         3d5       100%        4
 Iskenderun's Mystic Bla  Conj/Tloc      0%         2d3       100%        4
 Leda's Liquefaction      Hex/Erth       0%         N/A       100%        4
 Lee's Rapid Deconstruct  Erth           0%         3d4*      100%        5
 Statue Form              Tmut/Erth      Unusable   N/A       N/A         6

Dungeon Overview and Level Annotations

Branches:
Dungeon (4/15)
 Temple: D:4-7

Altars:

Annotations:
D:4 Pikel


Innate Abilities, Weirdness & Mutations

You are immune to sickness and miasma.
Your stone body is resilient. (AC +4)
You are immune to poison.
You resist negative energy. (rN+)
You are resistant to electric shocks. (rElec)
You are resistant to unholy torment.
You are immune to petrification.


Message History

Pikel hits you but does no damage.
You hit Pikel but do no damage.
Pikel is moderately wounded.
Pikel hits you with a +0 whip of electrocution.
You barely miss Pikel.
Pikel is moderately wounded.
Pikel hits you with a +0 whip of electrocution!
Pikel zaps a wand.
The roots erupt in riotous growth!
The grasping roots grab you!
Pikel is unaffected.
The grasping roots constrict you.
You are too injured to fight recklessly!
You are too injured to fight recklessly!
You are too injured to fight recklessly!
You are too injured to fight recklessly!
You are too injured to fight recklessly!
You are too injured to fight recklessly!
You are too injured to fight recklessly!
Unknown command.
You hit Pikel.
Pikel is moderately wounded.
Pikel hits you but does no damage. The grasping roots constrict you.
You miss Pikel.
Pikel is moderately wounded.
Pikel hits you but does no damage. The grasping roots constrict you.
You slash Pikel!
Pikel is severely wounded.
Pikel hits you with a +0 whip of electrocution.
The grasping roots constrict you. Pikel hits you but does no damage.
The grasping roots constrict you.
* * * LOW HITPOINT WARNING * * *
The grasping roots release their grip on you.
You hit Pikel but do no damage.
Pikel is severely wounded.
Pikel hits you with a +0 whip of electrocution.
* * * LOW HITPOINT WARNING * * *
You barely miss Pikel.
Pikel is severely wounded.
Pikel says, "Don't tell anyone, but I think Ereshkigal likes me."
Pikel hits you with a +0 whip of electrocution!
You die...

#..# ...
... #5.
##5# 55#
## #K# .
#@## .#
##.## .
##.###.##
##..#..##
##.....#
#.####..#
#.# #.# #
##.#


You could see Pikel and 4 lemures.

Vanquished Creatures
  A black bear (D:4)
  A necrophage (D:2)
  Crazy Yiuf (D:2)
  An iguana (D:3)
  3 orc wizards (D:4)
  3 adders
  3 gnolls
  A worm (D:3)
  3 dart slugs (D:1)
  5 orcs
  7 endoplasms
  3 giant cockroaches
  3 hobgoblins
  3 jackals (D:1)
  9 kobolds
  5 quokkas
  3 ball pythons (D:2)
  2 bats
  2 frilled lizards (D:1)
  7 goblins
  9 rats
75 creatures vanquished.

Vanquished Creatures (others)
  4 fungi (D:2)
4 creatures vanquished.

Grand Total: 79 creatures vanquished

Notes
Turn   | Place    | Note
-------+----------+-------------------------------------------
     0 | D:1      | bande the Gargoyle Fighter began the quest for the Orb.
     0 | D:1      | Reached XP level 1. HP: 14/14 MP: 1/1
    40 | D:1      | Reached XP level 2. HP: 13/19 MP: 2/2
   441 | D:1      | Reached XP level 3. HP: 23/23 MP: 3/3
  1235 | D:2      | Reached XP level 4. HP: 28/28 MP: 4/4
  1536 | D:2      | Found a runed translucent door.
  1537 | D:2      | Noticed Crazy Yiuf
  1546 | D:2      | Killed Crazy Yiuf
  1907 | D:3      | Reached XP level 5. HP: 32/33 MP: 5/5
  2696 | D:2      | Reached XP level 6. HP: 35/38 MP: 6/6
  3560 | D:4      | Noticed a black bear
  3570 | D:4      | Killed a black bear
  3765 | D:4      | Noticed Pikel
  3781 | D:4      | Slain by Pikel

Illustrated notes

Levels and vault maps discovered:
D:1:      tarquinn_simple_flora_water_d, layout_rooms, patterned_corridor
D:2:      layout_rooms, uniq_crazy_yiuf_cottage
D:3:      layout_loops_cross
D:4:      layout_layer_cave, uniq_pikel

Skill      XL: |  1  2  3  4  5  6 |
---------------+-------------------+-----
Axes           | 2 3 4 |  4.8
Armour         | 4 |  4.9
Fighting       | 4 |  4.3
Shields        | 4 |  4.0

Action                   |  1- 3 |  4- 6 || total
-------------------------+-------+-------++-------
Melee: War axe           |   113 |   135 ||   248
  Use: Scroll            |       |    11 ||    11
Armor: Scale mail        |    54 |    46 ||   100
       Chain mail        |       |    42 ||    42
Dodge: Dodged            |    61 |    55 ||   116
Block: Buckler           |    31 |    36 ||    67

Table legend: (Time is in decaauts)
 A = Elapsed time spent in this place.
 B = Non-inter-level travel time spent in this place.
 C = Inter-level travel time spent in this place.
 D = Time resting spent in this place.
 E = Time spent auto-exploring this place.
 F = Levels seen in this place.
 G = Mean time per level.
                   A        B        C        D        E       F      G
               +--------+--------+--------+--------+--------+-----+--------+
         Total |   3864 |   3660 |    204 |   1092 |   1909 |   4 |  966.0 |
       Dungeon |   3864 |   3660 |    204 |   1092 |   1909 |   4 |  966.0 |
               +--------+--------+--------+--------+--------+-----+--------+

Top non-repeatable levels by time:
     D:2: 1733 daAuts
     D:3: 920 daAuts
     D:1: 714 daAuts
     D:4: 496 daAuts
